 Dungeon Crawl Stone Soup version 0.32-a0-913-g739538afd8 (webtiles) character file.

Game seed: 1320233226710742306

32 Sar the Apothecary (level 3, 0/24 HPs)
             Began as a Coglin Alchemist on Apr 9, 2024.
             Frozen to death by an endoplasm (5 damage)
             ... on level 2 of the Dungeon.
             The game lasted 00:03:18 (1161 turns).

Sar the Apothecary (Coglin Alchemist)               Turns: 1161, Time: 00:03:19

Health: 0/24       AC:  2    Str:  8    XL:     3   Next: 25%
Magic:  6/6        EV: 11    Int: 16    God:
Gold:   50         SH:  0    Dex: 14    Spells: 5/6 levels left

rFire   . . .        i - +0 dagger (venom) {Belanum}
rCold   . . .        g - +0 dagger {Xiuying}
rNeg    . . .        a - +0 robe
rPois   .            (no helmet)
rElec   .            l - scarf {shadows}
rCorr   .            (no gloves)
SInv    .            (no boots)
Will    .....        (amulet unavailable)
Stlth   ++           (ring unavailable)
HPRegen 0.24/turn    (ring unavailable)
MPRegen 0.10/turn    (no gizmo)

%: no passive effects
@: revved
A: off-hand wielding, slow wielding, warmup strikes, no jewellery
a: Invent Gizmo


You were on level 2 of the Dungeon.
You visited 1 branch of the dungeon, and saw 2 of its levels.

You collected 50 gold pieces.

Inventory:

Hand Weapons
 f - a +0 dagger {Shatu-murrim}
 g - a +0 dagger (offhand) {Xiuying}
 i - a +0 dagger of venom (weapon) {Belanum}
Missiles
 d - 3 stones
Armour
 a - a +0 robe (worn)
 l - a scarf of shadows (worn)
Scrolls
 c - a scroll of identify {unknown}
 h - a scroll of revelation {unknown}
 j - a scroll of teleportation {unknown}
 k - a scroll of vulnerability {unknown}
Potions
 b - a potion of magic
 e - a potion of resistance {unknown}


   Skills:
 - Level 1.7 Dodging
 - Level 1.5 Stealth
 + Level 2.3 Spellcasting
 + Level 1.6 Conjurations
 + Level 3.8 Alchemy


You had 5 spell levels left.
You knew the following spells:

 Your Spells              Type           Power      Damage    Failure   Level
z - Sting                 Conj/Alch      40%        1d5       7%          1

Your spell library contained the following spells:

 Spells                   Type           Power      Damage    Failure   Level
 Mercury Vapours          Alch/Air       14%        N/A       14%         2
 Slow                     Hex            4%         N/A       21%         1
 Mephitic Cloud           Conj/Alch/Air  7%         N/A       28%         3
 Olgreb's Toxic Radiance  Alch           14%        N/A       38%         4
 Confusing Touch          Hex            1%         N/A       52%         3
 Vampiric Draining        Necr           1%         2d6       52%         3
 Sticky Flame             Fire/Alch      7%         2d4       67%         4


Dungeon Overview and Level Annotations

Branches:
Dungeon (2/15)

Altars:


Innate Abilities, Weirdness & Mutations

You can wield a second weapon in your off-hand.
It takes a long time for you to wield or remove held weapons.
Your first few attacks do less damage.
You cannot equip rings or amulets.


Message History

You stick the adder like a pincushion with your +0 dagger of venom!
The adder looks as sick as possible!!!
You feel sick!
You annihilate the adder!!!
The ball python bites you but does no damage!
The ball python constricts you!
The ball python bites you but does no damage!
You have reached level 3!!!
Your experience leads to an increase in your attributes!!!
Increase (S)trength, (I)ntelligence, or (D)exterity?
You feel clever! x2
Your brain swirls with designs for an emergency gigabooster!
You just need some more time!!!
You perforate the ball python like a sieve with your +0 dagger!
The ball python is moderately wounded!
You stick the ball python like a pincushion with your +0 dagger of venom!
You annihilate the ball python!!!
You feel sick!
You are no longer poisoned!
The ball python bites you! * * * don't die
* * * The ball python constricts you!
The ball python bites you but does no damage!
The ball python constricts you! * * * don't die
* * * You closely miss the ball python with your +0 dagger of venom!
You perforate the ball python like a sieve with your +0 dagger!
You annihilate the ball python!!!
You perforate the endoplasm but do no damage!
The endoplasm is poisoned!
You stick the endoplasm like a pincushion with your +0 dagger!
The endoplasm quivers!
The endoplasm barely misses you!
You stick the endoplasm like a pincushion with your +0 dagger of venom!
You annihilate the endoplasm!!!
You perforate the endoplasm like a sieve with your +0 dagger of venom!
The endoplasm is poisoned!
The endoplasm is moderately wounded!
You perforate the endoplasm but do no damage!
The endoplasm freezes you!
You are frozen! rip

. P ~# .#. ... ...
.... ##.##....
........ ###†...#
######..g†..#
#...#....J###
#.......##...#
######......#..#.#..
#..........##)##.#
###..........##.. .
..#............##. $
##.#............# )#
..#####.#####...


You could see an endoplasm (very poisoned).

Vanquished Creatures
  An adder (D:2)
  2 endoplasms
  A giant cockroach (D:2)
  3 goblins
  3 hobgoblins (D:1)
  2 quokkas (D:1)
  2 ball pythons (D:2)
  3 kobolds
  6 rats
23 creatures vanquished.

Notes
Turn   | Place    | Note
-------+----------+-------------------------------------------
     0 | D:1      | Sar the Coglin Alchemist began the quest for the Orb.
     0 | D:1      | Reached XP level 1. HP: 13/13 MP: 3/3
    72 | D:1      | Reached skill level 1 in Conjurations
   531 | D:1      | Reached XP level 2. HP: 19/19 MP: 3/5
  1157 | D:2      | Reached XP level 3. HP: 7/24 MP: 6/6
  1161 | D:2      | Frozen to death by an endoplasm

Illustrated notes

Levels and vault maps discovered:
D:1:      dpeg_arrival_long_road, layout_basic
D:2:      layout_basic, basic_altar, hellmonk_ecumenical_altar_heavens_door,
          serial_bayou_lagoon_a, minmay_pentomino_pile

Skill      XL: |  1 |
---------------+----+-----
Conjurations   | 1 |  1.6
Spellcasting   | 2 |  2.3
Dodging        | |  1.7
Stealth        | |  1.5
Alchemy        | |  3.8

Action                     || total
---------------------------++-------
  Melee: Dagger            ||    63
   Cast: Sting             ||    19
   Stab: Sleeping          ||     2
 Armour: Robe              ||    22
  Dodge: Dodged            ||    22

Table legend: (Time is in decaauts)
 A = Elapsed time spent in this place.
 B = Non-inter-level travel time spent in this place.
 C = Inter-level travel time spent in this place.
 D = Time resting spent in this place.
 E = Time spent auto-exploring this place.
 F = Levels seen in this place.
 G = Mean time per level.
                   A        B        C        D        E       F      G
               +--------+--------+--------+--------+--------+-----+--------+
         Total |   1160 |   1144 |     16 |    124 |    834 |   2 |  580.0 |
       Dungeon |   1160 |   1144 |     16 |    124 |    834 |   2 |  580.0 |
               +--------+--------+--------+--------+--------+-----+--------+

Top non-repeatable levels by time:
     D:1: 1068 daAuts
     D:2: 92 daAuts
